 Dungeon Crawl Stone Soup version 0.30-a0-364-gf6b3ef1049 (webtiles) character file.

Game seed: 7491525264076172113

18 purpskrrrp the Sneak (level 2, -1/15 HPs)
             Began as a Tengu Enchanter on Nov 15, 2022.
             Killed from afar by a dart slug (4 damage)
             ... with a slug dart
             ... on level 2 of the Dungeon.
             The game lasted 00:01:18 (660 turns).

purpskrrrp the Sneak (Tengu Enchanter)               Turns: 660, Time: 00:01:19

Health: -1/15      AC:  2    Str:  8    XL:     2   Next: 70%
Magic:  6/6        EV: 12    Int: 15    God:
Gold:   58         SH:  0    Dex: 14    Spells: 3/5 levels left

rFire   + . .      SeeInvis .    d - +0 dagger (venom)
rCold   x . .      Faith    .    (no shield)
rNeg    . . .      Spirit   .    b - +0 robe
rPois   .          Reflect  .    (helmet restricted)
rElec   .          Harm     .    (no cloak)
rCorr   .          Rampage  .    (no gloves)
Will    .....                    (boots unavailable)
Stlth   ++........               (no amulet)
HPRegen 0.22/turn                g - ring of fire
MPRegen 0.10/turn                (no ring)

@: no status effects
A: beak, talons 3
a: no special abilities


You were on level 2 of the Dungeon.
You visited 1 branch of the dungeon, and saw 2 of its levels.

You collected 58 gold pieces.

Inventory:

Hand Weapons
 a - a +1 dagger
 d - a +0 dagger of venom (weapon)
Armour
 b - a +0 robe (worn)
Jewellery
 g - a ring of fire (left hand)
Potions
 c - 2 potions of invisibility


   Skills:
 + Level 1.5 Short Blades
 + Level 2.5 Dodging
 + Level 3.2 Stealth
 + Level 2.2 Spellcasting
 + Level 2.3 Hexes


You had 3 spell levels left.
You knew the following spells:

 Your Spells              Type           Power      Damage    Failure   Level
a - Ensorcelled Hibernat  Hex/Ice        10%        N/A       21%         2

Your spell library contained the following spells:

 Spells                   Type           Power      Damage    Failure   Level
 Confusing Touch          Hex            8%         N/A       26%         3
 Tukima's Dance           Hex            8%         N/A       26%         3
 Dazzling Flash           Conj/Hex       10%        N/A       38%         3
 Conjure Ball Lightning   Conj/Air       0%         3x3d6     100%        6
 Death Channel            Necr           0%         N/A       100%        6
 Maxwell's Capacitive Co  Air            0%         ∞         100%        8


Dungeon Overview and Level Annotations

Branches:
Dungeon (2/15)

Altars:


Innate Abilities, Weirdness & Mutations

You have a beak for a mouth.
You have claws for feet.


Message History

You closely miss the adder. Your kick misses the adder.
The adder is severely wounded.
You feel sick. The adder misses you. x2
You are too injured to fight recklessly!
You are too injured to fight recklessly!
You are too injured to fight recklessly!
You are too injured to fight recklessly!
You are too injured to fight recklessly!
You are too injured to fight recklessly!
You are too injured to fight recklessly!
You are too injured to fight recklessly!
You are too injured to fight recklessly!
You are too injured to fight recklessly!
You are too injured to fight recklessly!
You are too injured to fight recklessly!
You are too injured to fight recklessly!
You are too injured to fight recklessly!
You are too injured to fight recklessly!
You are too injured to fight recklessly!
You are too injured to fight recklessly!
You are too injured to fight recklessly!
You barely miss the adder. You claw the adder, but do no damage.
You peck the adder.
The adder is almost dead.
You feel sick. The adder bites you.
* * * LOW HITPOINT WARNING * * *
Okay, then.
As you read the scroll of fear, it crumbles to dust.
You assume a fearsome visage.
The bat looks frightened!
The worm looks frightened!
The adder looks frightened!
You feel sick.
You feel sick.
You are no longer poisoned.
Things that are here:
a +0 dagger; a goblin corpse You see here a +0 dagger of venom.
Your +0 dagger of venom begins to drip with poison!
d - a +0 dagger of venom (weapon)
The dart slug launches a dart at you. The slug dart hits you.
You die...

###.. .#.#. ..
...... ... #.
...... #)# ..
...... #.# .
#.>...##)# .#
.........##.#
####........#
#.#....###
#.....@<.#
#........##....#
..##.....(####...g
. #.......# ...
.........# .
.##.......# .
#.w..?...
.......#..


You could see a dart slug.

Vanquished Creatures
  2 ball pythons (D:1)
  2 endoplasms (D:1)
  3 goblins
  3 hobgoblins (D:1)
  A bat (D:1)
  4 kobolds
  2 rats (D:1)
17 creatures vanquished.

Notes
Turn   | Place    | Note
-------+----------+-------------------------------------------
     0 | D:1      | purpskrrrp the Tengu Enchanter began the quest for the Orb.
     0 | D:1      | Reached XP level 1. HP: 10/10 MP: 4/4
   108 | D:1      | Reached XP level 2. HP: 15/15 MP: 6/6
   111 | D:1      | Learned a level 2 spell: Ensorcelled Hibernation
   155 | D:1      | Got the Cyclopedia of the Cloudy Mausoleum
   660 | D:2      | Killed from afar by a dart slug

Illustrated notes

Levels and vault maps discovered:
D:1:      amcnicky_arrival_double_pillar, layout_basic
D:2:      layout_rooms, basic_altar

Action                   || total
-------------------------++-------
Melee: Dagger            ||    37
       Kick              ||     8
       Peck              ||     4
  Use: Scroll            ||     3
 Stab: Sleeping          ||     4
Armor: Robe              ||     4
Dodge: Dodged            ||    19

Table legend: (Time is in decaauts)
 A = Elapsed time spent in this place.
 B = Non-inter-level travel time spent in this place.
 C = Inter-level travel time spent in this place.
 D = Time resting spent in this place.
 E = Time spent auto-exploring this place.
 F = Levels seen in this place.
 G = Mean time per level.
                   A        B        C        D        E       F      G
               +--------+--------+--------+--------+--------+-----+--------+
         Total |    655 |    639 |     16 |     32 |    488 |   2 |  327.5 |
       Dungeon |    655 |    639 |     16 |     32 |    488 |   2 |  327.5 |
               +--------+--------+--------+--------+--------+-----+--------+

Top non-repeatable levels by time:
     D:1: 629 daAuts
     D:2: 26 daAuts
